 Dungeon Sprint DCSS version 0.23-a0-650-ga4d50d4 (webtiles) character file.

20636 Ghella the Severer (level 13, -7/114 HPs)
             Began as a Formicid Fighter on Jan 3, 2019.
             Was a High Priest of Qazlal.
             Killed from afar by Ewkosocha the pandemonium lord (41 damage)
             ... with a poison arrow
             ... in the Dungeon (Sprint V: "Ziggurat Sprint").
             The game lasted 00:17:48 (1675 turns).

Ghella the Severer (Formicid Fighter)               Turns: 1675, Time: 00:17:48

Health: -7/114     AC: 36    Str: 38    XL:     13   Next: 13%
Magic:  25/25      EV:  4    Int:  8    God:    Qazlal [*****.]
Gold:   0          SH: 41    Dex: 10    Spells: 12/12 levels left

rFire    . . .     SeeInvis +   c - +14 obsidian axe {chop, +Fly SInv *Curse} (curse)
rCold    . . .     Gourm    .   G - +18 shield of the Gong {rElec rN+ MR+ EV-5}
rNeg     + . .     Faith    .   F - +15 Maxwell's patent armour {-Cast -Tele rElec MR+ rCorr}
rPois    .         Spirit   .   (helmet unavailable)
rElec    +         Reflect  .   T - +0 cloak {+Inv}
rCorr    +         Harm     .   W - +0 pair of gloves "Qaff" {Slay+3}
MR       +++..     NoCast   +   V - +0 pair of boots {Stlth+}
Stlth    ..........             (no amulet)
HPRegen  0.29/turn              D - +6 ring of strength
MPRegen  0.19/turn              E - +6 ring of strength

@: lethally poisoned (-7 -> -30), mesmerised, drained, repel missiles
A: permanent stasis, dig shafts and tunnels, four strong arms, antennae 3
a: Dig, Upheaval, Elemental Force, Disaster Area, Renounce Religion, Evoke
Invisibility, Evoke Flight


You were in the Dungeon.
You worshipped Qazlal.
Qazlal was extremely pleased with you.
You were not hungry.

You visited 1 branch

Inventory:

Hand Weapons
 b - the +6 shillelagh "Devastator" {shatter}
   (You found it in the Dungeon)
 c - the cursed +14 obsidian axe (weapon) {chop, +Fly SInv *Curse}
   (You found it in the Dungeon)

   It inflicts extra damage upon your enemies.
   It lets you see invisible.
   It lets you fly.
   It curses itself when equipped.
   It has a curse placed upon it.
 H - a +5 battleaxe
 I - a +5 broad axe
 J - a +5 executioner's axe
 M - the +5 hand axe "Ox" {flame, rElec rC- MR+ Str+3}
   (You found it in the Dungeon)

   It has been specially enchanted to burn those struck by it, causing extra
   injury to most foes and up to half again as much damage against particularly
   susceptible opponents.
   Big, fiery blades are also staple armaments of hydra-hunters.
   It affects your strength (+3).
   It makes you vulnerable to cold.
   It insulates you from electricity.
   It affects your resistance to hostile enchantments.
 N - the +6 hand axe "Ghella's Peril" {drain, Int+4 SInv}
   (You found it in the Dungeon)

   A truly terrible weapon, it drains the life of those it strikes.
   It affects your intelligence (+4).
   It lets you see invisible.
 P - a +0 battleaxe of electrocution
Armour
 F - the +15 Maxwell's patent armour (worn) {-Cast -Tele rElec MR+ rCorr}
   (You found it in the Dungeon)

   It insulates you from electricity.
   It affects your resistance to hostile enchantments.
   It prevents spellcasting.
   It prevents most forms of teleportation.
   It provides partial protection from all sources of acid and corrosion.
 G - the +18 shield of the Gong (worn) {rElec rN+ MR+ EV-5}
   (You found it in the Dungeon)

   It affects your evasion (-5).
   It insulates you from electricity.
   It protects you from negative energy.
   It affects your resistance to hostile enchantments.
 T - a +0 cloak of invisibility (worn)
 V - a +0 pair of boots of stealth (worn)
 W - the +0 pair of gloves "Qaff" (worn) {Slay+3}
   (You found it in the Dungeon)

   It affects your accuracy and damage with ranged weapons and melee attacks
   (+3).
Jewellery
 a - a +4 ring of protection
 u - a cursed +4 ring of protection
 z - a +6 ring of dexterity
 A - a +6 ring of dexterity
 B - a +6 ring of intelligence
 D - a +6 ring of strength (left hand)
 E - a +6 ring of strength (right hand)
 L - the ring "Vuvazawn" {rElec rN+ Str+4 Dex+3}
   (You took it off an orc knight in the Dungeon)

   [ring of dexterity]

   It affects your strength (+4).
   It affects your dexterity (+3).
   It insulates you from electricity.
   It protects you from negative energy.
 O - the cursed necklace of Bloodlust {*Rage +Rage MR++ Int-3 Slay+6 *Curse}
   (You found it in the Dungeon)

   [amulet of rage]

   It affects your intelligence (-3).
   It affects your accuracy and damage with ranged weapons and melee attacks
   (+6).
   It affects your resistance to hostile enchantments.
   It lets you go berserk.
   It may make you go berserk in combat.
   It curses itself when equipped.
   It has a curse placed upon it.
 Q - an uncursed ring of fire
 S - the ring "Ipuwovab" {rElec rPois}
   (You found it in the Dungeon)

   [ring of poison resistance]

   It insulates you from electricity.
   It protects you from poison.
Wands
 w - a wand of disintegration (7)
 x - a wand of iceblast (7)
 y - a wand of acid (7)
Scrolls
 k - 4 scrolls of blinking
 l - 4 scrolls of amnesia
 m - 7 scrolls of fog
 n - a scroll of holy word
 o - 5 scrolls of identify
 p - 5 scrolls of remove curse
 q - 2 scrolls of fear
 C - 4 scrolls of enchant armour
Potions
 d - 4 potions of might
 e - 12 potions of curing
 g - 4 potions of heal wounds
 h - 10 potions of haste
 i - 5 potions of magic
 j - 3 potions of berserk rage
 r - 2 potions of brilliance
 s - 2 potions of invisibility
 t - 3 potions of resistance
 v - 5 potions of agility
 K - a potion of lignification {unknown}
Comestibles
 f - 7 rations


   Skills:
 * Level 14.6(14.3) Fighting
 * Level 19.3(19.0) Axes
 + Level 14.6(14.3) Armour
 + Level 1.0(0.8) Dodging
 + Level 16.2(15.9) Shields
 * Level 16.4(16.2) Invocations


You had 12 spell levels left.
You didn't know any spells.
Your spell library was empty.

Dungeon Overview and Level Annotations

Branches:
Dungeon (1/1)

Altars:
Ashenzari
Cheibriados
Dithmenos
Elyvilon
Fedhas
Gozag
Hepliaklqana
Kikubaaqudgha
Makhleb
Nemelex Xobeh
Okawaru
Qazlal
Ru
Sif Muna
Trog
Uskayaw
Vehumet
Wu Jian
Xom
Yredelemnul
Zin
The Shining One
Beogh
Jiyva
Lugonu


Innate Abilities, Weirdness & Mutations

You cannot be hasted, slowed, berserked, paralysed or teleported.
You can dig through walls and to a lower floor.
Your four strong arms can wield two-handed weapons with a shield.
You have a pair of large antennae on your head. (SInv)


Message History

Saeb is engulfed in blazing flames.
You block Saeb's attack.
SHROANNG!
Bol Ezxa gestures at you. The bolt of cold hits you!
You block the orange demon's attack.
GONNNNG!
Obboelae hits you!
* * * LOW HITPOINT WARNING * * *
Your orange demon completely misses Saeb.
Saeb is engulfed in blazing flames.
Saeb hits you but does no damage.
Your stasis prevents you from being slowed.
Bol Ezxa hits you!!
* * * LOW HITPOINT WARNING * * *
Bol Ezxa burns you.
* * * LOW HITPOINT WARNING * * *
You feel much better.
You feel sick. You block Obboelae's attack.
BONNNG!
Ewkosocha gestures at you. The poison arrow hits you!
You are more poisoned.
You die...

▓....©....
▓..:=:|)}[..▓▓▓▓▓▓▓▓▓▓
▓...≈[.||...▓...8©8...
▓....§≈.....▓..[|}))..
▓.....§.....▓...|)}...
▓....§§.....▓.........
.433≈.....▓.........
{▓&&&.&▓ ▓.........
▓▓@○≈▓▓ ▓...†††...
▓..▓4.°☼.▓..▓.▓.....▓.
▓.....°☼....▓....©....
▓▓▓▓▓▓▓▓▓▓▓▓▓▓▓▓▓▓▓▓▓▓
▓...8©8...▓...8©8...▓.
▓..:.):)[.▓..}[[....▓.
▓..:|[):..▓..)[:....▓.
▓.........▓...).)...▓.
▓.........▓.........▓.


You could see Bol Ezxa, Ewkosocha, Obboelae, Saeb, an orange demon, 2 ynoxinuls
and a friendly orange demon.

Vanquished Creatures
  A Tzitzimitl (D)
  An Executioner (D)
  An orc warlord (D)
  A green death (D)
  2 fire dragons (D)
  A hell beast (D)
  2 hydras (D)
  A dancing weapon (D)
  A wretched star (D)
  A deep elf archer (D)
  2 orc knights (D)
  An orc sorcerer (D)
  A deep elf mage (D)
  An ugly thing (D)
  A cyclops (D)
  2 toenail golems (D)
  A rust devil (D)
  A spiny frog (shapeshifter) (D)
  2 spiny frogs (D)
  2 rime drakes (D)
  A komodo dragon (D)
  A troll (D)
  A blink frog (shapeshifter) (D)
  Sigmund (D)
  A water elemental (D)
  A wyvern (D)
  4 yaks (D)
  A ynoxinul (D)
  A fire bat (shapeshifter) (D)
  2 neqoxecs (D)
  3 steam dragons (D)
  2 wargs (D)
  4 nagas (D)
  2 acid dragons (D)
  A water moccasin (D)
  An orc warrior (D)
  A necrophage (D)
  A black bear (shapeshifter) (D)
  An ogre (D)
  Blork the orc (D)
  3 bullfrogs (D)
  3 scorpions (D)
  Dowan (D)
  2 iron imps (D)
  Crazy Yiuf (D)
  An iguana (D)
  Jessica (D)
  A river rat (D)
  An ufetubus (D)
  An adder skeleton (D)
  2 bat skeletons (D)
  4 jackals (D)
  A ball python (D)
  A jackal skeleton (D)
  A leopard gecko zombie (D)
  A quokka skeleton (D)
82 creatures vanquished.

Notes
Turn   | Place    | Note
-------+----------+-------------------------------------------
     0 | D        | Found the +6 Majin-Bo {vamp, Archmagi MP+6 Int+6}
     0 | D        | Found the +7 great mace "Firestarter" {inner flame, rF++}
     0 | D        | Ghella the Formicid Fighter began the quest for the Orb.
     0 | D        | Reached XP level 1. HP: 18/18 MP: 1/1
     2 | D        | Found a blossoming altar of Fedhas.
     3 | D        | Found a viscous altar of Jiyva.
     3 | D        | Found a hazy altar of Hepliaklqana.
     3 | D        | Found a transporter.
     3 | D        | Found an opulent altar of Gozag.
     3 | D        | Found an ancient bone altar of Kikubaaqudgha.
     3 | D        | Found a corrupted altar of Lugonu.
     7 | D        | Found a burning altar of Makhleb.
     9 | D        | Found a sacrificial altar of Ru.
     9 | D        | Found a stormy altar of Qazlal.
     9 | D        | Found a deep blue altar of Sif Muna.
     9 | D        | Found an iron altar of Okawaru.
     9 | D        | Found a bloodstained altar of Trog.
     9 | D        | Found a sparkling altar of Nemelex Xobeh.
    28 | D        | Found the +9 heavy crossbow "Sniper" {velocity, Acc+∞ SInv}
    28 | D        | Found the +10 dark maul {crush}
    28 | D        | Found the +15 Maxwell's patent armour {-Cast -Tele rElec
                  | MR+ rCorr}
    28 | D        | Found the +18 shield of the Gong {rElec rN+ MR+ EV-5}
    28 | D        | Found the cursed +14 obsidian axe {chop, +Fly SInv *Curse}
    62 | D        | Found the +6 shillelagh "Devastator" {shatter}
    62 | D        | Found the +11 plutonium sword {*Contam Stlth-}
    62 | D        | Found the +8 lance "Wyrmbane" {slay drac, rPois rF+ rC+
                  | AC+3}
    62 | D        | Found the +9 sword of Zonguldrok {reap}
    62 | D        | Found the cursed +13 scythe of Curses {drain, *Curse}
    62 | D        | Found the +0 sword of Power
    62 | D        | Found the +7 mace of Variability {chain chaos}
    62 | D        | Found the +7 Singing Sword {slice, sonic wave}
    62 | D        | Found the +7 longbow "Piercer" {penet, EV-2}
   107 | D        | Became a worshipper of Qazlal Stormbringer
   132 | D        | Entered arena 2.
   132 | D        | Noticed a toenail golem
   132 | D        | Noticed a toenail golem
   132 | D        | Found a transporter.
   133 | D        | Reached XP level 2. HP: 24/24 MP: 2/2
   139 | D        | Killed a toenail golem
   139 | D        | Reached skill level 6 in Axes
   139 | D        | Reached skill level 10 in Armour
   139 | D        | Reached XP level 3. HP: 28/36 MP: 3/3
   139 | D        | Reached XP level 4. HP: 33/43 MP: 4/4
   139 | D        | Reached XP level 5. HP: 37/48 MP: 5/5
   139 | D        | Reached XP level 6. HP: 43/55 MP: 6/6
   141 | D        | Killed a toenail golem
   141 | D        | Reached skill level 7 in Axes
   141 | D        | Reached XP level 7. HP: 50/63 MP: 7/7
   299 | D        | Entered arena 3.
   299 | D        | Found a transporter.
   302 | D        | Reached * piety under Qazlal
   302 | D        | Reached XP level 8. HP: 69/69 MP: 8/8
   390 | D        | Entered arena 4.
   390 | D        | Noticed a water elemental
   390 | D        | Noticed a deep elf archer
   390 | D        | Noticed a +2 antimagic dire flail
   390 | D        | Noticed a deep elf mage
   390 | D        | Found a transporter.
   395 | D        | Killed a water elemental
   395 | D        | Reached ** piety under Qazlal
   395 | D        | Reached skill level 8 in Axes
   395 | D        | Reached skill level 10 in Shields
   398 | D        | Killed a +2 antimagic dire flail
   398 | D        | Reached skill level 10 in Fighting
   398 | D        | Reached skill level 9 in Axes
   398 | D        | Reached XP level 9. HP: 34/78 MP: 0/9
   400 | D        | Noticed a red devil
   400 | D        | Killed a deep elf mage
   400 | D        | Reached skill level 10 in Axes
   406 | D        | Killed a deep elf archer
   406 | D        | Reached skill level 11 in Axes
   591 | D        | Entered arena 5.
   591 | D        | Noticed a wretched star
   591 | D        | Found a transporter.
   596 | D        | Reached *** piety under Qazlal
   597 | D        | Killed a wretched star
   597 | D        | Reached skill level 12 in Axes
   597 | D        | Reached XP level 10. HP: 82/88 MP: 10/10
   600 | D        | Reached **** piety under Qazlal
   622 | D        | Entered arena 6.
   622 | D        | Noticed Sigmund
   622 | D        | Noticed Jessica
   622 | D        | Noticed Blork the orc
   622 | D        | Noticed Crazy Yiuf
   622 | D        | Noticed Dowan
   622 | D        | Found a transporter.
   629 | D        | Killed Crazy Yiuf
   631 | D        | Killed Blork the orc
   631 | D        | Killed Jessica
   631 | D        | Killed Dowan
   639 | D        | Killed Sigmund
   639 | D        | Reached skill level 1 in Invocations
   669 | D        | Got the +5 hand axe "Ox" {flame, rElec rC- MR+ Str+3}
   672 | D        | Got the +2 pair of gloves "Wyzxyigh" {rF- rN++ Str+4}
   676 | D        | Entered arena 7.
   677 | D        | Found the cursed necklace of Bloodlust {*Rage +Rage MR++
                  | Int-3 Slay+6 *Curse}
   677 | D        | Identified the +3 quick blade "Sarcophage" {pierce, *Drain
                  | +Inv rPois MR+++}
   689 | D        | Reached ***** piety under Qazlal
   693 | D        | Reached skill level 13 in Axes
   703 | D        | Found a transporter.
   791 | D        | Entered arena 8.
   791 | D        | Noticed a cyan ugly thing
   791 | D        | Noticed a spiny frog
   794 | D        | Found a transporter.
   799 | D        | Killed a cyan ugly thing
   799 | D        | Killed a spiny frog
   808 | D        | Reached skill level 14 in Axes
   893 | D        | Entered arena 9.
   894 | D        | Found a transporter.
   899 | D        | Reached ****** piety under Qazlal
   927 | D        | Entered arena 10.
   927 | D        | Noticed a spiny frog
   927 | D        | Noticed an eight-headed hydra
   928 | D        | Found the +8 demon blade "Bloodbane" {slice, *Rage +Rage
                  | Stlth-}
   928 | D        | Found a transporter.
   929 | D        | Reached XP level 11. HP: 95/95 MP: 6/14
   936 | D        | Reached skill level 5 in Invocations
   939 | D        | Killed a ten-headed hydra
   939 | D        | Reached skill level 15 in Axes
  1093 | D        | Entered arena 11.
  1094 | D        | Found a transporter.
  1288 | D        | Entered arena 12.
  1288 | D        | Noticed an orc knight
  1288 | D        | Noticed an orc warlord
  1288 | D        | Noticed an orc sorcerer
  1288 | D        | Noticed an orc knight
  1288 | D        | Noticed a cyclops
  1288 | D        | Identified the ring "Vuvazawn" {rElec rN+ Str+4 Dex+3}
  1289 | D        | Identified the +11 dagger of Putrescence {freeze, +Inv MR+}
  1290 | D        | Reached skill level 16 in Axes
  1290 | D        | Reached skill level 1 in Dodging
  1302 | D        | Killed an orc knight
  1306 | D        | Killed an orc warlord
  1306 | D        | Reached skill level 17 in Axes
  1310 | D        | Killed an orc knight
  1310 | D        | Reached skill level 10 in Invocations
  1311 | D        | Killed an orc sorcerer
  1311 | D        | Reached skill level 15 in Shields
  1313 | D        | Killed a cyclops
  1313 | D        | Reached XP level 12. HP: 77/105 MP: 5/20
  1317 | D        | Found a transporter.
  1347 | D        | Got the ring "Ipuwovab" {rElec rPois}
  1416 | D        | Entered arena 13.
  1416 | D        | Noticed a fire dragon
  1416 | D        | Noticed a five-headed hydra
  1416 | D        | Noticed a fire dragon
  1419 | D        | Killed a five-headed hydra
  1419 | D        | Reached skill level 18 in Axes
  1432 | D        | Killed a fire dragon
  1435 | D        | Killed a fire dragon
  1437 | D        | Found a transporter.
  1448 | D        | Got the +0 pair of gloves "Qaff" {Slay+3}
  1468 | D        | Got the +6 hand axe "Ghella's Peril" {drain, Int+4 SInv}
  1662 | D        | Entered arena 14.
  1662 | D        | Noticed an Executioner
  1662 | D        | Noticed a Tzitzimitl
  1662 | D        | Noticed a hell beast
  1663 | D        | Noticed Ewkosocha the pandemonium lord
  1664 | D        | Noticed Obboelae the pandemonium lord
  1664 | D        | Noticed Saeb the pandemonium lord
  1664 | D        | Noticed Bol Ezxa the pandemonium lord
  1666 | D        | Noticed a green death
  1666 | D        | Killed an Executioner
  1667 | D        | Killed a green death
  1667 | D        | Reached skill level 19 in Axes
  1667 | D        | Killed a Tzitzimitl
  1667 | D        | Reached XP level 13. HP: 65/114 MP: 7/25
  1667 | D        | Killed a hell beast
  1675 | D        | Killed from afar by Ewkosocha the pandemonium lord

Vault maps used:
D:        sprint_v

Skill      XL: |  1  2  3  4  5  6  7  8  9 10 11 12 |
---------------+-------------------------------------+-----
Armour         | 8 10 11 12 13 14 | 14.6
Fighting       | 7 8 10 11 12 13 14 | 14.6
Axes           | 6 7 9 12 14 17 19 | 19.3
Shields        | 8 9 11 12 13 15 16 | 16.2
Invocations    | 4 10 16 | 16.4
Dodging        | 1 |  1.0

Action                   |  1- 3 |  4- 6 |  7- 9 | 10-12 | 13-15 || total
-------------------------+-------+-------+-------+-------+-------++-------
Melee: Battleaxe         |     5 |     2 |    21 |     3 |       ||    31
       Broad axe         |       |       |       |    86 |     4 ||    90
Invok: Upheaval          |       |       |       |    10 |       ||    10
       Disaster Area     |       |       |       |     9 |     1 ||    10
  Use: Potion            |     2 |       |     2 |     5 |     3 ||    12
  Eat: Chunk             |       |       |       |     2 |       ||     2
Armor: Plate armour      |     5 |       |     7 |    34 |     8 ||    54
Dodge: Dodged            |       |       |       |     6 |       ||     6
       Deflected         |       |       |       |     1 |       ||     1
Block: Shield            |     8 |     3 |    38 |   172 |    17 ||   238

Table legend:
 A = Non-vault XP
 B = Vault XP
 C = Vault XP percentage of total XP
 D = Non-vault monster count
 E = Vault monster count
 F = Vault count percentage of total count
                 A         B        C        D         E       F
            +---------+---------+-------+---------+---------+-------
      Total |       0 |   29471 | 100.0 |       0 |      82 | 100.0
            +---------+---------+-------+---------+---------+-------
          D |       0 |   29471 | 100.0 |       0 |      82 | 100.0
            +---------+---------+-------+---------+---------+-------
